 Seeded DCSS version 0.29.1-15-g9cfb28693d (webtiles) character file.

Game seed: 9845822215292249863 (custom seed)

8 Psyclone the Conjurer (level 2, 15/15 HPs)
             Began as a Deep Elf Conjurer on Sept 24, 2023.
             Quit the game on level 1 of the Dungeon.
             The game lasted 00:01:22 (212 turns).

Psyclone the Conjurer (Deep Elf Conjurer)            Turns: 212, Time: 00:01:23

Health: 15/15      AC:  2    Str:  4    XL:     2   Next: 0%
Magic:  7/9        EV: 12    Int: 28    God:
Gold:   960        SH:  5    Dex: 13    Spells: 8/9 levels left

rFire   . . .      SeeInvis .   (no weapon)
rCold   . . .      Faith    .   (no shield)
rNeg    . . .      Spirit   .   a - +0 robe
rPois   .          Reflect  +   (no helmet)
rElec   .          Harm     .   (no cloak)
rCorr   .          Rampage  .   (no gloves)
Will    .....                   (no boots)
Stlth   ++........              c - amulet "Xuiciozo" {Reflect Int+6 SH+5}
HPRegen 0.05/turn               (no ring)
MPRegen 0.11/turn               (no ring)

@: no status effects
A: no striking features
a: no special abilities


You were on level 1 of the Dungeon.
You visited 1 branch of the dungeon, and saw 1 of its levels.

You collected 960 gold pieces.

Inventory:

Armour
 a - a +0 robe (worn)
Jewellery
 c - the amulet "Xuiciozo" (around neck) {Reflect Int+6 SH+5}
   (You acquired it on level 1 of the Dungeon)

   [amulet of reflection]

   It reflects blocked missile attacks.
   Int:       It affects your intelligence (+6).
   SH:        It affects your SH (+5).
 e - an amulet of the acrobat
Scrolls
 d - a scroll of amnesia {unknown}
 f - a scroll of acquirement
Potions
 b - a potion of magic


   Skills:
 - Level 2.4 Dodging
 - Level 2.4 Stealth
 + Level 4.0 Spellcasting
 - Level 4.3 Conjurations


You had 8 spell levels left.
You knew the following spells:

 Your Spells              Type           Power      Damage    Failure   Level
a - Magic Dart            Conj           100%       1d8       1%          1

Your spell library contained the following spells:

 Spells                   Type           Power      Damage    Failure   Level
 Searing Ray              Conj           60%        2d6       1%          2
 Dazzling Flash           Conj/Hex       34%        N/A       9%          3
 Fulminant Prism          Conj/Hex       8%         3d7       30%         4
 Iskenderun's Mystic Bla  Conj/Tloc      17%        2d5       30%         4


Dungeon Overview and Level Annotations

Branches:
Dungeon (1/15) Zot: 5785

Altars:


Message History

Casting: Magic Dart (safe; 1% risk of failure)
Confirm with . or Enter, or press ? or * to list all spells.
You can't see any susceptible monsters within range! (Use Z to cast anyway.) Unknown command.
e - an amulet of the acrobat
Things that are here:
a +0 dagger; a goblin corpse MP restored: 7
Found 2 scrolls of acquirement.
A quokka comes into view.
Found a potion of magic and a glowing granite ring.
Found 6 stones.
Things that are here:
2 scrolls of acquirement; a staff of conjuration
Casting: Magic Dart (safe; 1% risk of failure)
Confirm with . or Enter, or press ? or * to list all spells.
Aiming: Magic Dart (safe; 1% risk of failure)
Press: ? - help, Shift-Dir - straight line, f - quokka
Aim: a quokka (100% to hit)
The magic dart hits the quokka.
The quokka is severely wounded.
You now have 6/7 mp.
Casting: Magic Dart (safe; 1% risk of failure)
Confirm with . or Enter, or press ? or * to list all spells.
Aiming: Magic Dart (safe; 1% risk of failure)
Press: ? - help, Shift-Dir - straight line, f/p - quokka
Aim: a quokka (severely wounded, 100% to hit)
The magic dart hits the quokka.
You kill the quokka!
Your Spellcasting skill increases to level 4!
You have reached level 2!
Health restored: 15
f - 2 scrolls of acquirement You see here a staff of conjuration.
Something appears at your feet!
Unknown command.
You now have 960 gold pieces.
You see here a staff of conjuration.
You see here a staff of conjuration.
Are you sure you want to abandon this character and quit the game? (Confirm with "yes".)

#.............#
##
############.##
# ##### #.#
#...# #.#######
#...###.......#
#.............#
#.######......#
#########.#
......#
.(!.....@.#
......#
..=.....###
......#
........#
......#
........#
......# #
......... #
######### # # #
#


There were no monsters in sight!

Vanquished Creatures
  A dart slug (D:1)
  A ball python (D:1)
  A goblin (D:1)
  A quokka (D:1)
  A frilled lizard (D:1)
  A kobold (D:1)
6 creatures vanquished.

Notes
Turn   | Place    | Note
-------+----------+-------------------------------------------
     0 | D:1      | Psyclone the Deep Elf Conjurer began the quest for the Orb.
     0 | D:1      | Reached XP level 1. HP: 10/10 MP: 6/6
    32 | D:1      | Identified a scroll of acquirement
    32 | D:1      | Acquired the amulet "Xuiciozo" {Reflect Int+6 SH+5}
   203 | D:1      | Reached XP level 2. HP: 15/15 MP: 6/9
   206 | D:1      | Acquired 960 gold pieces
   212 | D:1      | Quit the game

Illustrated notes

Levels and vault maps discovered:
D:1:      giann_bridges, layout_basic

Skill      XL: |  1 |
---------------+----+-----
Spellcasting   | 4 |  4.0
Dodging        | |  2.4
Stealth        | |  2.4
Conjurations   | |  4.3

Action                   || total
-------------------------++-------
Melee: Unarmed           ||     2
 Cast: Magic Dart        ||    11
  Use: Scroll            ||     2
Dodge: Dodged            ||     2
Block: Other             ||     1
